 Dungeon Crawl Stone Soup version 0.27.1-2-g3b301248ec (webtiles) character file.

Game seed: 16466727786503067789

610 vvl the Ruffian (level 7, -4/67 HPs)
             Began as a Troll Fighter on Sept 23, 2021.
             Succumbed to a kobold's poison
             ... on level 3 of the Dungeon.
             The game lasted 00:07:11 (2029 turns).

vvl the Ruffian (Troll Fighter)                     Turns: 2029, Time: 00:07:12

Health: -4/67      AC:  4    Str: 27    XL:     7   Next: 20%
Magic:  6/6        EV:  9    Int:  4    God:
Gold:   65         SH: 10    Dex: 15    Spells: 6/6 levels left

rFire    . . .     SeeInvis .     - Unarmed
rCold    . . .     Faith    .   b - +0 kite shield
rNeg     . . .     Spirit   .   a - +0 robe
rPois    .         Reflect  .   (helmet restricted)
rElec    .         Harm     .   (no cloak)
rCorr    .         Rampage  .   (gloves unavailable)
Will     .....                  (boots unavailable)
Stlth    +.........             (no amulet)
HPRegen  1.21/turn              g - +6 ring of dexterity
MPRegen  0.10/turn              (no ring)

@: lethally poisoned (-4 -> -20)
A: large, unfitting armour, claws 3, regeneration 1, shaggy fur 1, tough skin 1
a: no special abilities


You were on level 3 of the Dungeon.
You visited 1 branch of the dungeon, and saw 4 of its levels.

You collected 65 gold pieces.

Inventory:

Armour
 a - a +0 robe (worn)
 b - a +0 kite shield (worn)
Jewellery
 g - a +6 ring of dexterity (left claw)
 q - an amulet of faith
Wands
 r - a wand of digging (1)
Scrolls
 d - a scroll of fog
 e - 3 scrolls of teleportation
 f - 2 scrolls of immolation
 j - a scroll of identify
 l - 2 scrolls of amnesia {unknown}
 o - a scroll of enchant armour
Potions
 c - 2 potions of might
 h - 2 potions of heal wounds
 i - 2 potions of haste {unknown}
 k - a potion of attraction {unknown}
 m - a potion of lignification {unknown}
 n - a potion of magic {unknown}
 p - a potion of resistance {unknown}


   Skills:
 + Level 3.6 Fighting
 + Level 2.2 Armour
 + Level 3.6 Dodging
 + Level 3.5 Shields
 * Level 4.8 Unarmed Combat


You had 6 spell levels left.
You didn't know any spells.
Your spell library contained the following spells:

 Spells                   Type           Power      Damage    Failure   Level
 Animate Skeleton         Necr           0%         N/A       88%         1
 Apportation              Tloc           0%         N/A       88%         1
 Corona                   Hex            0%         N/A       88%         1
 Magic Dart               Conj           0%         1d3       88%         1
 Summon Small Mammal      Summ           0%         N/A       88%         1
 Passwall                 Tmut/Erth      0%         N/A       95%         2
 Searing Ray              Conj           0%         3d3       95%         2
 Slow                     Hex            0%         N/A       95%         2
 Confusing Touch          Hex            0%         N/A       99%         3
 Frozen Ramparts          Ice            0%         1d2       99%         3
 Swiftness                Air            0%         N/A       99%         3
 Vampiric Draining        Necr           0%         2d6       99%         3
 Fulminant Prism          Conj/Hex       0%         3d6       100%        4
 Ice Form                 Ice/Tmut       0%         N/A       100%        4
 Summon Ice Beast         Ice/Summ       0%         N/A       100%        4
 Alistair's Intoxication  Tmut/Pois      0%         N/A       100%        5
 Conjure Ball Lightning   Conj/Air       0%         3x3d6     100%        6
 Invisibility             Hex            0%         N/A       100%        6
 Discord                  Hex            0%         N/A       100%        8
 Disjunction              Tloc           0%         N/A       100%        8


Dungeon Overview and Level Annotations

Branches:
Dungeon (4/15)
 Temple: D:4-7

Altars:

Annotations:
D:4 Grinder


Innate Abilities, Weirdness & Mutations

You are too large for most types of armour.
You have claws for hands.
Your natural rate of healing is unusually fast.
You are covered in fur. (AC +1)
You have tough skin. (AC +1)


Message History

The water moccasin skeleton is almost destroyed.
You block the water moccasin skeleton's attack.
Grinder gestures at you.
You suddenly lose the ability to move!
The kobold hits you but does no damage.
You are poisoned.
The water moccasin skeleton bites you. Grinder hits you.
You writhe in agony.
You feel sick. The kobold hits you but does no damage.
You are more poisoned.
The water moccasin skeleton bites you.
Grinder blinks!
You feel very sick.
The water moccasin skeleton bites you but does no damage.
The kobold hits you with a +0 dagger of venom.
You are more poisoned.
Grinder blinks!
You feel very sick.
The water moccasin skeleton bites you but does no damage.
The kobold hits you with a +0 dagger of venom.
You are more poisoned.
You feel very sick. The water moccasin skeleton bites you!
The kobold hits you but does no damage.
Grinder blinks!
You feel very sick.
The water moccasin skeleton bites you but does no damage.
The kobold hits you with a +0 dagger of venom.
You are more poisoned.
The water moccasin skeleton bites you.
You feel very sick.
The kobold hits you with a +0 dagger of venom.
* * * LOW HITPOINT WARNING * * *
You are lethally poisoned!
The water moccasin skeleton bites you.
* * * LOW HITPOINT WARNING * * *
Grinder blinks!
You can move again.
* * * LOW HITPOINT WARNING * * *
You feel extremely sick.
You block the water moccasin skeleton's attack.
You block the kobold's attack.
You climb upwards.
You die...

#.............[.....
#####.......###....#
#.......###.....
#........#......
##.....#.#....#)
######....#......#.
#...####.....#...#.
#...........######.
#K@..........# ###.
#..........#.###...
#........).#.......
#..........†.......
#...........####...
#...#######........
#...# ######...
#...# #... #####
#...


You could see a kobold.

Vanquished Creatures
  An ogre (D:4)
  Blork the orc (D:4)
  A scorpion (D:4)
  2 orc priests
  2 bullfrog skeletons (D:4)
  3 orc wizards
  An iguana (D:3)
  Ijyb (D:4)
  A gnoll (D:1)
  4 adders
  An adder skeleton (D:4)
  5 dart slugs
  13 orcs
  5 endoplasms
  2 giant cockroaches
  6 goblins
  10 hobgoblins
  2 jackals (D:2)
  8 kobolds
  2 quokkas
  5 ball pythons
  9 bats
  2 frilled lizards (D:1)
  8 rats
95 creatures vanquished.

Notes
Turn   | Place    | Note
-------+----------+-------------------------------------------
     0 | D:1      | vvl the Troll Fighter began the quest for the Orb.
     0 | D:1      | Reached XP level 1. HP: 22/22 MP: 0/0
   123 | D:1      | Reached XP level 2. HP: 29/29 MP: 1/1
   272 | D:1      | Found a faded altar of an unknown god.
   285 | D:1      | Reached XP level 3. HP: 35/36 MP: 2/2
   748 | D:2      | Reached XP level 4. HP: 44/44 MP: 3/3
   798 | D:2      | Reached skill level 3 in Unarmed Combat
   942 | D:2      | Reached skill level 1 in Armour
  1124 | D:3      | Reached XP level 5. HP: 46/53 MP: 4/4
  1612 | D:4      | Noticed Blork the orc
  1614 | D:4      | Noticed an ogre
  1620 | D:4      | Reached XP level 6. HP: 52/61 MP: 5/5
  1623 | D:4      | Reached skill level 4 in Unarmed Combat
  1731 | D:4      | Killed Blork the orc
  1805 | D:4      | Reached XP level 7. HP: 67/67 MP: 6/6
  1877 | D:4      | Noticed Ijyb
  1889 | D:4      | Killed Ijyb
  1921 | D:4      | Noticed Grinder
  1922 | D:4      | Paralysed by Grinder for 6 turns
  1938 | D:4      | HP: 2/67 [Grinder/nerve-wracking pain (8)]
  2021 | D:4      | Paralysed by Grinder for 7 turns
  2028 | D:4      | HP: 3/67 [poisoned by a kobold]
  2029 | D:3      | Succumbed to a kobold's poison

Illustrated notes

Levels and vault maps discovered:
D:1:      dpeg_arrival_shelter, layout_loops_ring,
          hellmonk_ecumenical_altar_blasted
D:2:      layout_rooms
D:3:      layout_rooms
D:4:      layout_rooms, uniq_blork_the_orc, uniq_ijyb, uniq_grinder

Skill      XL: |  1  2  3  4  5  6 |
---------------+-------------------+-----
Unarmed Combat | 3 4 |  4.8
Armour         | 1 2 |  2.2
Fighting       | 3 |  3.6
Dodging        | 3 |  3.6
Shields        | 3 |  3.5

Action                   |  1- 3 |  4- 6 |  7- 9 || total
-------------------------+-------+-------+-------++-------
Melee: Unarmed           |    68 |   133 |    30 ||   231
  Use: Scroll            |       |       |     4 ||     4
 Stab: Sleeping          |     1 |       |       ||     1
Armor: Robe              |    18 |    37 |    22 ||    77
Dodge: Dodged            |    25 |    44 |    24 ||    93
Block: Kite shield       |    26 |    67 |    25 ||   118
